 Dungeon Crawl Stone Soup version 0.30-a0-634-g8abc85282e (webtiles) character file.

Game seed: 8436209945892178935

916 mampy3000 the Cudgeller (level 7, 0/62 HPs)
             Began as a Minotaur Berserker on Jan 14, 2023.
             Was a Priest of Trog.
             Slain by Dowan
             ... wielding a +3 dagger of draining
              (5 damage)
             ... on level 5 of the Dungeon.
             The game lasted 00:09:16 (3139 turns).

mampy3000 the Cudgeller (Minotaur Berserker)        Turns: 3139, Time: 00:09:17

Health: 0/62       AC:  5    Str: 22    XL:     7   Next: 83%
Magic:  6/6        EV: 13    Int:  4    God:    Trog [***...]
Gold:   244        SH:  0    Dex: 11    Spells: 6/6 levels left

rFire   x . .      SeeInvis .    x - +0 whip
rCold   + . .      Faith    .    (no shield)
rNeg    . . .      Spirit   .    v - +0 leather armour
rPois   +          Reflect  .    (helmet restricted)
rElec   .          Harm     .    A - +0 cloak
rCorr   .          Rampage  .    o - +0 pair of gloves
Will    ++...                    (no boots)
Stlth   ++                       n - amulet of regeneration
HPRegen 2.10/turn                l - ring of ice
MPRegen 0.10/turn                c - ring of poison resistance

@: about to teleport, strong-willed, on berserk cooldown, regenerating, slowed,
very slow
A: horns 2, retaliatory headbutt
a: Renounce Religion, Berserk, Trog's Hand


You were on level 5 of the Dungeon.
You worshipped Trog.
Trog was most pleased with you.
You visited 1 branch of the dungeon, and saw 5 of its levels.

You collected 244 gold pieces.

Inventory:

Hand Weapons
 a - a +0 mace
 x - a +0 whip (weapon)
Missiles
 h - 5 atropa-tipped darts
 j - 18 poisoned darts (quivered)
Armour
 o - a +0 pair of gloves (worn)
 v - a +0 leather armour (worn)
 A - a +0 cloak (worn)
Jewellery
 c - a ring of poison resistance (right hand)
 l - a ring of ice (left hand)
 n - an amulet of regeneration (around neck)
 B - an amulet of guardian spirit
Wands
 q - a wand of light (3)
 w - a wand of roots (10)
 y - a wand of digging (1)
Scrolls
 b - a scroll of silence {unknown}
 e - 3 scrolls of teleportation
 m - a scroll of torment {unknown}
 p - 3 scrolls of poison
 s - a scroll of immolation {unknown}
 t - 2 scrolls of noise {unknown}
 z - 2 scrolls of identify
Potions
 d - 2 potions of resistance {unknown}
 f - 2 potions of brilliance
 g - 3 potions of curing {unknown}
 i - a potion of magic {unknown}
 k - a potion of might {unknown}
 r - 2 potions of invisibility {unknown}
 u - a potion of mutation {unknown}


   Skills:
 + Level 5.8 Fighting
 + Level 7.9 Maces & Flails
 + Level 1.5 Throwing
 + Level 4.0 Armour
 + Level 4.5 Dodging
 + Level 1.9 Stealth


You had 6 spell levels left.
You didn't know any spells.
Your spell library was empty.

Dungeon Overview and Level Annotations

Branches:
Dungeon (5/15)             Temple (0/1) D:5

Altars:

Shops:
D:5 :

Annotations:
D:4 2 transporters, Sabo's ghost, amateur AtFi
D:5 Dowan


Innate Abilities, Weirdness & Mutations

You have a pair of horns on your head.
You reflexively headbutt those who attack you in melee.


Message History

Duvessa hits you with a +0 short sword.
* * * LOW HITPOINT WARNING * * *
The orc hits you but does no damage.
The orc hits you from afar with a +0 trident.
* * * LOW HITPOINT WARNING * * *
You hit Duvessa but do no damage. Your headbutt misses Duvessa.
Duvessa is almost dead.
The adder misses you. You furiously retaliate!
You headbutt the adder!
You kill the adder!
Trog accepts your kill. Duvessa hits you but does no damage.
The orc barely misses you. The orc misses you.
You hit Duvessa.
Duvessa is almost dead.
Duvessa completely misses you. The orc barely misses you.
The orc closely misses you.
You hit Duvessa but do no damage.
Duvessa is almost dead.
Duvessa hits you with a +0 short sword.
* * * LOW HITPOINT WARNING * * *
The orc hits you from afar with a +0 trident!
* * * LOW HITPOINT WARNING * * *
The orc barely misses you.
You hit Duvessa but do no damage. You headbutt Duvessa.
You kill Duvessa!
Trog accepts your kill.
Dowan screams, "No!
Oh no!"
Dowan seems to find hidden reserves of power!
The orc hits you but does no damage. The orc closely misses you.
Your Armour skill increases to level 4!
As you read the scroll of teleportation, it crumbles to dust.
You feel strangely unstable. The orc barely misses you.
The orc hits you from afar with a +0 trident.
* * * LOW HITPOINT WARNING * * *
Dowan gestures wildly while chanting.
Dowan blinks!
Your skin crawls.
You feel strong-willed.
Dowan hits you with a +3 dagger of draining.
You die...

#.[... ##.... ##.....
....... #...... .......
##..... §§§§...
#####...... .§§.#.§
.##.#........ §§§..oo##
............# ......e.#
#...(.......##
#.....)@##...#....#...##
###.....#....#.##.#.....
#........#.. ##.......
....##..)..#.# #...##...
..# ##...##.# #...###..
. .#!....#.###..###...
#.................##..
#..........#..##.##...
###........#).#...##.#


You could see Dowan (fast) and 2 orcs.

Vanquished Creatures
  Eustachio (D:4)
  Duvessa (D:5)
  An ogre (D:5)
  A bullfrog (D:5)
  2 scorpions (D:5)
  2 necrophages (D:5)
  3 orc priests (D:3)
  Crazy Yiuf (D:4)
  7 adders
  An ufetubus (D:5)
  2 worms
  A dart slug (D:4)
  8 orcs (D:3)
  5 endoplasms
  8 giant cockroaches
  6 goblins
  10 hobgoblins
  5 quokkas
  7 ball pythons
  4 bats
  3 frilled lizards
  7 kobolds
  7 rats
93 creatures vanquished.

Vanquished Creatures (others)
  4 plants (D:3)
4 creatures vanquished.

Grand Total: 97 creatures vanquished

Notes
Turn   | Place    | Note
-------+----------+-------------------------------------------
     0 | D:1      | mampy3000 the Minotaur Berserker began the quest for the
                  | Orb.
     0 | D:1      | Reached XP level 1. HP: 19/19 MP: 0/0
   173 | D:1      | Reached skill level 4 in Maces & Flails
   173 | D:1      | Reached XP level 2. HP: 27/27 MP: 1/1
   571 | D:1      | Reached ** piety under Trog
   675 | D:1      | Reached XP level 3. HP: 27/33 MP: 2/2
  1045 | D:2      | Reached skill level 5 in Maces & Flails
  1092 | D:2      | Reached XP level 4. HP: 12/40 MP: 3/3
  1695 | D:3      | Reached XP level 5. HP: 34/47 MP: 4/4
  1998 | D:3      | Found a faded altar of an unknown god.
  2183 | D:4      | Noticed Sabo's ghost (amateur AtFi)
  2193 | D:4      | Found a transporter.
  2229 | D:4      | Found a transporter.
  2238 | D:4      | Reached skill level 6 in Maces & Flails
  2406 | D:4      | Reached *** piety under Trog
  2481 | D:4      | Noticed Eustachio
  2505 | D:4      | Killed Eustachio
  2506 | D:4      | Reached skill level 5 in Fighting
  2506 | D:4      | Reached skill level 1 in Stealth
  2506 | D:4      | Reached XP level 6. HP: 56/56 MP: 5/5
  2666 | D:4      | Found a runed translucent door.
  2667 | D:4      | Noticed Crazy Yiuf
  2673 | D:4      | Killed Crazy Yiuf
  2893 | D:5      | Entered Level 5 of the Dungeon
  2919 | D:5      | Found Jyikeef's Tremendous Tomes.
  2963 | D:5      | Reached skill level 7 in Maces & Flails
  2963 | D:5      | Reached XP level 7. HP: 54/61 MP: 6/6
  3005 | D:5      | Reached skill level 1 in Throwing
  3116 | D:5      | Noticed Duvessa
  3121 | D:5      | Found a staircase to the Ecumenical Temple.
  3123 | D:5      | Noticed Dowan
  3136 | D:5      | HP: 1/62 [orc/+0 trident (8)]
  3137 | D:5      | Killed Duvessa
  3139 | D:5      | Slain by Dowan

Illustrated notes

Levels and vault maps discovered:
D:1:      eino_arrival_tree_alley, layout_basic, st_stairs_1,
          nicolae_hexahallways, reono_crystal_passage
D:2:      layout_rooms
D:3:      layout_basic, shapermc_ecumenical_altar_mp_highgroup,
          serial_bayou_pond_a, serial_bayou_pond_a
D:4:      layout_loops_ring, gammafunk_ghost_stat_death, uniq_eustachio,
          uniq_crazy_yiuf_cottage
D:5:      layout_cave_pools, minmay_temple_entry_purple_smoke,
          nicolae_shop_i_like_big_books, uniq_duvessa

Skill      XL: |  1  2  3  4  5  6  7 |
---------------+----------------------+-----
Maces & Flails | 4 5 6 7 |  7.9
Fighting       | 4 5 |  5.8
Dodging        | 3 4 |  4.5
Stealth        | 1 |  1.9
Armour         | 3 4 |  4.0
Throwing       | 1 |  1.5

Action                   |  1- 3 |  4- 6 |  7- 9 || total
-------------------------+-------+-------+-------++-------
Melee: Mace              |    74 |    66 |       ||   140
       Headbutt          |    16 |    16 |    13 ||    45
       Whip              |       |    42 |    40 ||    82
       Punch             |       |     1 |     1 ||     2
Throw: Dart              |       |     8 |       ||     8
Invok: Berserk           |     1 |     4 |     1 ||     6
       Trog's Hand       |     1 |       |     1 ||     2
  Use: Scroll            |     3 |     1 |     1 ||     5
 Stab: Sleeping          |     1 |     1 |       ||     2
Armor: Animal skin       |     8 |    12 |       ||    20
       Leather armour    |       |     5 |     7 ||    12
Dodge: Dodged            |    41 |    67 |    26 ||   134

Table legend: (Time is in decaauts)
 A = Elapsed time spent in this place.
 B = Non-inter-level travel time spent in this place.
 C = Inter-level travel time spent in this place.
 D = Time resting spent in this place.
 E = Time spent auto-exploring this place.
 F = Levels seen in this place.
 G = Mean time per level.
                   A        B        C        D        E       F      G
               +--------+--------+--------+--------+--------+-----+--------+
         Total |   3190 |   3043 |    147 |      0 |   2282 |   5 |  638.0 |
       Dungeon |   3190 |   3043 |    147 |      0 |   2282 |   5 |  638.0 |
               +--------+--------+--------+--------+--------+-----+--------+

Top non-repeatable levels by time:
     D:1: 907 daAuts
     D:4: 740 daAuts
     D:2: 703 daAuts
     D:3: 607 daAuts
     D:5: 231 daAuts
